NYP
CONNECTICUT TIGERS @ CHICAGO (NYP) WHITE SOX
04/18/2048
 
TOP OF THE 1ST
Connecticut Tigers batting - Pitching for Chicago (NYP) White Sox : RHP Ari Kuusinen
Pitching: RHP Ari Kuusinen
Batting: RHB Janne Vihko 0-0: Swinging Strike
0-1: SINGLE (Line Drive, 7LM, EV 86.9 MPH)
Batting: RHB Jaden Warrior 0-0: SINGLE (Groundball, 34D, EV 95.6 MPH)
Janne Vihko to second
Runner from 2nd tries for 3rd, SAFE, throw by RF made to third
Batting: LHB Antonio Luis 0-0: Fielders Choice at 2nd, 3-6 (Groundball, 3, EV 89.4 MPH)
Janne Vihko scores
Batting: RHB Zack DiCicco 0-0: Foul Ball, location: 2F
0-1: Ball
1-1: Ball
2-1: Swinging Strike
2-2: Ball
3-2: Foul Ball, location: 2F
3-2: Fly out, F7 (Flyball, 78M, EV 72.5 MPH)
Batting: RHB Jeremiah Washington 0-0: Fly out, F8 (Flyball, 78M, EV 91.9 MPH)
Top of the 1st over - 1 run, 2 hits, 0 errors, 1 left on base; Connecticut 1 - Chicago (NYP) 0
BOTTOM OF THE 1ST
Chicago (NYP) White Sox batting - Pitching for Connecticut Tigers : RHP Luke Totzke
Pitching: RHP Luke Totzke
Batting: RHB Bastiaan Leenders 0-0: Ball
1-0: Foul Ball, location: 2F
1-1: Foul Ball, location: 2F
1-2: Ball
2-2: Strikes out looking
Batting: RHB Kunimatsu Oya 0-0: Ball
1-0: Foul Ball, location: 2F
1-1: Ball
2-1: Ball
3-1: Ground out 6-3 (Groundball, 6, EV 83.1 MPH)
Batting: SHB Veit Geisler 0-0: Called Strike
0-1: Ball
1-1: Ball
2-1: Ball
3-1: Base on Balls
Batting: RHB Tony Garcia 0-0: Foul Ball, location: 2F
0-1: Ball
1-1: Ball
Veit Geisler is caught stealing 2nd base 2-4
Bottom of the 1st over - 0 runs, 0 hits, 0 errors, 0 left on base; Connecticut 1 - Chicago (NYP) 0
TOP OF THE 2ND
Connecticut Tigers batting - Pitching for Chicago (NYP) White Sox : RHP Ari Kuusinen
Batting: SHB Ryohei Nakano 0-0: Called Strike
0-1: Called Strike
0-2: Foul Ball, location: 2F
0-2: Ground out 6-3 (Groundball, 6M, EV 82.5 MPH)
Batting: RHB Kaleb Yerger 0-0: Ball
1-0: Called Strike
1-1: Ground out 5-3 (Groundball, 15, EV 92.5 MPH)
Batting: LHB Tokugoro Adachi 0-0: Swinging Strike
0-1: Swinging Strike
0-2: Ball
1-2: Strikes out looking
Top of the 2nd over - 0 runs, 0 hits, 0 errors, 0 left on base; Connecticut 1 - Chicago (NYP) 0
BOTTOM OF THE 2ND
Chicago (NYP) White Sox batting - Pitching for Connecticut Tigers : RHP Luke Totzke
Batting: RHB Tony Garcia 0-0: Ball
1-0: Ball
2-0: Swinging Strike
2-1: DOUBLE (Flyball, 8RXD, EV 98.1 MPH)
Batting: RHB Tyrell Camp 0-0: Called Strike
0-1: Ball
1-1: Called Strike
1-2: Foul Ball, location: 2F
1-2: Foul Ball, location: 2F
1-2: Ball
2-2: DOUBLE (Line Drive, 7LS, EV 91.9 MPH)
Tony Garcia scores
Batting: SHB Andres Agudo 0-0: Swinging Strike
0-1: Ball
1-1: Ball
Wild Pitch!
Tyrell Camp to third
2-1: Foul Ball, location: 2F
2-2: Ball
3-2: Strikes out swinging
Batting: RHB Yorkis Saiki 0-0: Called Strike
0-1: SINGLE (Groundball, 4MD, EV 93.8 MPH)
Tyrell Camp scores
Batting: RHB Eduardo Calderon 0-0: Called Strike
0-1: Ball
1-1: Ball
Wild Pitch!
Yorkis Saiki to second
2-1: Ground out 6-3 (Groundball, 6M, EV 85.6 MPH)
Yorkis Saiki to third
Batting: SHB Noah Long 0-0: Ball
1-0: Foul Ball, location: 2F
1-1: Swinging Strike
1-2: Ball
2-2: Ball
3-2: Strikes out swinging
Bottom of the 2nd over - 2 runs, 3 hits, 0 errors, 1 left on base; Connecticut 1 - Chicago (NYP) 2
TOP OF THE 3RD
Connecticut Tigers batting - Pitching for Chicago (NYP) White Sox : RHP Ari Kuusinen
Batting: SHB Ian Arlotta 0-0: Fly out, F7 (Flyball, 7D, EV 89.4 MPH)
Batting: RHB Janne Vihko 0-0: Ball
1-0: SINGLE (Line Drive, 78M, EV 104.4 MPH)
Batting: RHB Jaden Warrior 0-0: Called Strike
0-1: Ball
1-1: Swinging Strike
1-2: Hit by Pitch
Janne Vihko to second
Batting: LHB Antonio Luis 0-0: SINGLE (Groundball, 6MD, EV 96.9 MPH)
Janne Vihko to third
Jaden Warrior to second
Batting: RHB Zack DiCicco 0-0: Called Strike
0-1: Ball
1-1: Called Strike
1-2: Fly out, F4 (Popup, 4S, EV 73.8 MPH)
Batting: RHB Jeremiah Washington 0-0: Ball
1-0: Foul Ball, location: 2F
1-1: Swinging Strike
1-2: SINGLE (Line Drive, 78S, EV 97.5 MPH)
Janne Vihko scores
Jaden Warrior to third
Antonio Luis to second
Runner from 3rd tries for Home, throw by LF and OUT! 7-2
Top of the 3rd over - 1 run, 3 hits, 0 errors, 2 left on base; Connecticut 2 - Chicago (NYP) 2
BOTTOM OF THE 3RD
Chicago (NYP) White Sox batting - Pitching for Connecticut Tigers : RHP Luke Totzke
Batting: RHB Bastiaan Leenders 0-0: Ball
1-0: Reached on error, E3 (Groundball, 34S, EV 82.5 MPH)
Batting: RHB Kunimatsu Oya 0-0: Ball
Bastiaan Leenders is caught stealing 2nd base 2-4
1-0: Foul Ball, location: 2F
1-1: Ground out 4-3 (Groundball, 6M, EV 83.8 MPH)
Batting: SHB Veit Geisler 0-0: Ball
1-0: Foul Ball, location: 2F
1-1: Swinging Strike
1-2: Ball
2-2: Strikes out looking
Bottom of the 3rd over - 0 runs, 0 hits, 1 error, 0 left on base; Connecticut 2 - Chicago (NYP) 2
TOP OF THE 4TH
Connecticut Tigers batting - Pitching for Chicago (NYP) White Sox : RHP Ari Kuusinen
Batting: SHB Ryohei Nakano 0-0: Ball
1-0: Ball
2-0: Ball
3-0: Swinging Strike
3-1: Foul Ball, location: 2F
3-2: Strikes out looking
Batting: RHB Kaleb Yerger 0-0: Ground out 5-3 (Groundball, 25, EV 90.0 MPH)
Batting: LHB Tokugoro Adachi 0-0: Ball
1-0: Foul Ball, location: 2F
1-1: Swinging Strike
1-2: Strikes out swinging
Top of the 4th over - 0 runs, 0 hits, 0 errors, 0 left on base; Connecticut 2 - Chicago (NYP) 2
BOTTOM OF THE 4TH
Chicago (NYP) White Sox batting - Pitching for Connecticut Tigers : RHP Luke Totzke
Batting: RHB Tony Garcia 0-0: Fly out, F7 (Flyball, 78D, EV 98.8 MPH)
Batting: RHB Tyrell Camp 0-0: Foul Ball, location: 2F
0-1: Ball
1-1: Foul Ball, location: 2F
1-2: Ground out U3 (Groundball, 34, EV 97.5 MPH)
Batting: SHB Andres Agudo 0-0: Swinging Strike
0-1: Ball
1-1: Fly out, F8 (Flyball, 8RD, EV 96.2 MPH)
Bottom of the 4th over - 0 runs, 0 hits, 0 errors, 0 left on base; Connecticut 2 - Chicago (NYP) 2
TOP OF THE 5TH
Connecticut Tigers batting - Pitching for Chicago (NYP) White Sox : RHP Ari Kuusinen
Batting: SHB Ian Arlotta 0-0: Called Strike
0-1: Ball
1-1: Swinging Strike
1-2: Ball
2-2: Strikes out swinging
Batting: RHB Janne Vihko 0-0: Ball
1-0: Ball
2-0: Swinging Strike
2-1: SINGLE (Line Drive, 56D, EV 106.2 MPH)
Batting: RHB Jaden Warrior 0-0: Ball
1-0: Ball
2-0: Ball
3-0: Called Strike
3-1: Base on Balls
Janne Vihko to second
Batting: LHB Antonio Luis 0-0: Fielders Choice at 2nd, 3-6 (Groundball, 34, EV 85.0 MPH)
Janne Vihko to third
Batting: RHB Zack DiCicco 0-0: Ball
1-0: Ball
2-0: Foul Ball, location: 2F
2-1: Swinging Strike
2-2: Ball
3-2: Foul Ball, location: 2F
3-2: Base on Balls
Antonio Luis to second
Batting: RHB Jeremiah Washington 0-0: Called Strike
0-1: Foul Ball, location: 2F
0-2: Ball
Wild Pitch!
Janne Vihko scores
Antonio Luis to third
Zack DiCicco to second
1-2: Strikes out swinging
Top of the 5th over - 1 run, 1 hit, 0 errors, 2 left on base; Connecticut 3 - Chicago (NYP) 2
BOTTOM OF THE 5TH
Chicago (NYP) White Sox batting - Pitching for Connecticut Tigers : RHP Luke Totzke
Batting: RHB Yorkis Saiki 0-0: Ball
1-0: Ground out 5-3 (Groundball, 56, EV 76.2 MPH)
Batting: RHB Eduardo Calderon 0-0: Ball
1-0: DOUBLE (Line Drive, 7LS, EV 106.9 MPH)
Batting: SHB Noah Long 0-0: Swinging Strike
0-1: Ball
1-1: Foul Ball, location: 2F
1-2: Strikes out swinging
Batting: RHB Bastiaan Leenders 0-0: Foul Ball, location: 2F
0-1: Foul Ball, location: 2F
0-2: Ground out U3 (Groundball, 34S, EV 73.8 MPH)
Bottom of the 5th over - 0 runs, 1 hit, 0 errors, 1 left on base; Connecticut 3 - Chicago (NYP) 2
TOP OF THE 6TH
Connecticut Tigers batting - Pitching for Chicago (NYP) White Sox : RHP Ari Kuusinen
Batting: SHB Ryohei Nakano 0-0: Ground out 3-1 (Groundball, 34S, EV 88.8 MPH)
Batting: RHB Kaleb Yerger 0-0: Ball
1-0: Called Strike
1-1: Foul Ball, location: 2F
1-2: Ball
2-2: Strikes out looking
Batting: LHB Tokugoro Adachi 0-0: Called Strike
0-1: SINGLE (Groundball, 6MS, EV 73.8 MPH) (infield hit)
Batting: SHB Ian Arlotta 0-0: Ground out 1-3 (Groundball, 34S, EV 68.1 MPH)
Top of the 6th over - 0 runs, 1 hit, 0 errors, 1 left on base; Connecticut 3 - Chicago (NYP) 2
BOTTOM OF THE 6TH
Chicago (NYP) White Sox batting - Pitching for Connecticut Tigers : RHP Luke Totzke
Batting: RHB Kunimatsu Oya 0-0: Ball
1-0: Ball
2-0: Called Strike
2-1: Foul Ball, location: 2F
2-2: Strikes out swinging
Batting: SHB Veit Geisler 0-0: Foul Ball, location: 2F
0-1: Ball
1-1: Ball
2-1: Foul Ball, location: 2F
2-2: Hit by Pitch
Batting: RHB Tony Garcia 0-0: Ground out 5-3 (Groundball, 56S, EV 68.8 MPH)
Veit Geisler to second
Batting: RHB Tyrell Camp 0-0: Called Strike
0-1: Foul Ball, location: 2F
0-2: Ball
1-2: Fly out, F8 (Flyball, 8RS, EV 88.1 MPH)
Bottom of the 6th over - 0 runs, 0 hits, 0 errors, 1 left on base; Connecticut 3 - Chicago (NYP) 2
TOP OF THE 7TH
Connecticut Tigers batting - Pitching for Chicago (NYP) White Sox : RHP Ari Kuusinen
Batting: RHB Janne Vihko 0-0: Ground out 4-3 (Groundball, 4, EV 85.0 MPH)
Batting: RHB Jaden Warrior 0-0: Ball
1-0: Called Strike
1-1: Ball
2-1: Foul Ball, location: 2F
2-2: Foul Ball, location: 2F
2-2: Foul Ball, location: 2F
2-2: Foul Ball, location: 2F
2-2: Ball
3-2: Base on Balls
Batting: LHB Antonio Luis 0-0: Foul Ball, location: 2F
0-1: Ball
1-1: Swinging Strike
1-2: Fly out, F8 (Flyball, 78S, EV 88.8 MPH)
Batting: RHB Zack DiCicco 0-0: Called Strike
0-1: Hit by Pitch
Jaden Warrior to second
Batting: RHB Jeremiah Washington 0-0: Swinging Strike
0-1: 3-RUN HOME RUN (Flyball, 7D, EV 97.5 MPH), Distance : 380 ft
Pitching: LHP Ray Sowers
Batting: SHB Ryohei Nakano 0-0: Called Strike
0-1: DOUBLE (Line Drive, 7LD, EV 113.8 MPH)
Batting: RHB Kaleb Yerger 0-0: Foul Ball, location: 2F
0-1: Ball
1-1: Ball
2-1: Ground out 6-3 (Groundball, 6, EV 90.0 MPH)
Top of the 7th over - 3 runs, 2 hits, 0 errors, 1 left on base; Connecticut 6 - Chicago (NYP) 2
BOTTOM OF THE 7TH
Chicago (NYP) White Sox batting - Pitching for Connecticut Tigers : RHP Luke Totzke
Now at 3B: Zach Rose
Batting: SHB Andres Agudo 0-0: Called Strike
0-1: Ball
1-1: Called Strike
1-2: Strikes out swinging
Batting: RHB Yorkis Saiki 0-0: Called Strike
0-1: Ball
1-1: Ball
2-1: Foul Ball, location: 2F
2-2: Ground out 5-3 (Groundball, 56D, EV 108.1 MPH)
Batting: RHB Eduardo Calderon 0-0: DOUBLE (Line Drive, 7LD, EV 104.4 MPH)
Pitching: RHP Juan Murillo
Batting: SHB Noah Long 0-0: Ground out 5-3 (Groundball, 56S, EV 80.0 MPH)
Bottom of the 7th over - 0 runs, 1 hit, 0 errors, 1 left on base; Connecticut 6 - Chicago (NYP) 2
TOP OF THE 8TH
Connecticut Tigers batting - Pitching for Chicago (NYP) White Sox : LHP Ray Sowers
Batting: LHB Tokugoro Adachi 0-0: Called Strike
0-1: Ball
1-1: Ball
2-1: Ball
3-1: SINGLE (Groundball, 4MD, EV 95.0 MPH)
Batting: SHB Ian Arlotta 0-0: Called Strike
0-1: Ball
1-1: Ball
2-1: Called Strike
2-2: Fielders Choice at 2nd, 6-4 (Groundball, 6, EV 86.2 MPH)
Batting: RHB Janne Vihko 0-0: Foul Ball, location: 2F
0-1: Ball
1-1: Ball
2-1: SINGLE (Groundball, 4MD, EV 98.8 MPH)
Ian Arlotta to second
Batting: RHB Jaden Warrior 0-0: Foul Ball, location: 2F
0-1: Ball
1-1: SINGLE (Groundball, 56S, EV 66.9 MPH) (infield hit)
Ian Arlotta to third
Janne Vihko to second
Batting: LHB Zach Rose 0-0: Called Strike
0-1: Ball
1-1: Foul Ball, location: 2F
1-2: Ball
2-2: SINGLE (Groundball, 34D, EV 96.9 MPH)
Ian Arlotta scores
Janne Vihko to third
Jaden Warrior to second
Batting: RHB Zack DiCicco 0-0: Ball
1-0: Foul Ball, location: 2F
1-1: Fly out, F8 (Line Drive, 8RD, EV 86.9 MPH)
Pitching: RHP Mario Arce
Batting: RHB Jeremiah Washington 0-0: Called Strike
0-1: Called Strike
0-2: DOUBLE (Groundball, 5L, EV 108.8 MPH)
Janne Vihko scores
Jaden Warrior scores
Zach Rose to third
Pinch Hitting: RHB Yankel Pensak 0-0: Ball
1-0: Ball
2-0: Called Strike
2-1: Ball
3-1: Ground out 5-3 (Groundball, 56, EV 90.0 MPH)
Top of the 8th over - 3 runs, 5 hits, 0 errors, 2 left on base; Connecticut 9 - Chicago (NYP) 2
BOTTOM OF THE 8TH
Chicago (NYP) White Sox batting - Pitching for Connecticut Tigers : RHP Juan Murillo
Now at 2B: Yankel Pensak
Batting: RHB Bastiaan Leenders 0-0: Ground out 6-3 (Groundball, 56D, EV 86.9 MPH)
Batting: RHB Kunimatsu Oya 0-0: Ball
1-0: Foul Ball, location: 2F
1-1: Ball
2-1: Called Strike
2-2: Strikes out swinging
Batting: SHB Veit Geisler 0-0: Ball
1-0: Ball
2-0: Ball
3-0: Called Strike
3-1: Foul Ball, location: 2F
3-2: Base on Balls
Batting: RHB Tony Garcia 0-0: Ball
1-0: Called Strike
Pickoff Throw by Catcher to First - Out!
Bottom of the 8th over - 0 runs, 0 hits, 0 errors, 0 left on base; Connecticut 9 - Chicago (NYP) 2
TOP OF THE 9TH
Connecticut Tigers batting - Pitching for Chicago (NYP) White Sox : RHP Mario Arce
Pinch Hitting: RHB Billy Verdusco 0-0: Called Strike
0-1: Ball
1-1: Swinging Strike
1-2: Strikes out swinging
Pinch Hitting: RHB Jonathan Ridgely 0-0: Ground out 5-3 (Groundball, 56, EV 84.4 MPH)
Pinch Hitting: RHB Gabe Higley 0-0: Ball
1-0: Called Strike
1-1: Ground out 5-3 (Groundball, 5S, EV 83.8 MPH)
Top of the 9th over - 0 runs, 0 hits, 0 errors, 0 left on base; Connecticut 9 - Chicago (NYP) 2
BOTTOM OF THE 9TH
Chicago (NYP) White Sox batting - Pitching for Connecticut Tigers : RHP Juan Murillo
Now at C: Jonathan Ridgely
Now at SS: Gabe Higley
Now in LF: Billy Verdusco
Batting: RHB Tony Garcia 0-0: Foul Ball, location: 2F
0-1: Foul Ball, location: 2F
0-2: Strikes out swinging, 2-3 out at first.
Batting: RHB Tyrell Camp 0-0: Ball
1-0: Ball
2-0: SINGLE (Groundball, 6MD, EV 110.0 MPH)
Batting: SHB Andres Agudo 0-0: Ball
1-0: Ball
2-0: Called Strike
2-1: Ball
Passed Ball!
Tyrell Camp to second
3-1: Foul Ball, location: 2F
3-2: Base on Balls
Batting: RHB Yorkis Saiki 0-0: Called Strike
0-1: Foul Ball, location: 2F
0-2: Strikes out swinging
Pinch Hitting: LHB Daniel Lopez 0-0: Ball
1-0: Ball
2-0: Ball
3-0: Called Strike
3-1: Base on Balls
Tyrell Camp to third
Andres Agudo to second
Pitching: RHP Ramiro Silva
Batting: SHB Noah Long 0-0: Foul Ball, location: 2F
0-1: Fielders Choice at 2nd, 5-4 (Groundball, 6, EV 81.9 MPH)
Bottom of the 9th over - 0 runs, 1 hit, 0 errors, 3 left on base; Connecticut 9 - Chicago (NYP) 2
Tuesday, March 28th , 2023 - OOTP Baseball 23.10 Build 110